 Dungeon Crawl Stone Soup version 0.31.0-11-ge490571c62 (webtiles) character file.

Game seed: 6313485959979160669

8743 puppykicker the Grappler (level 11, -2/136 HPs)
             Began as a Troll Enchanter on Jan 28, 2024.
             Was an Elder of Kikubaaqudgha.
             Slain by a manticore (7 damage)
             ... on level 11 of the Dungeon.
             The game lasted 00:26:56 (8877 turns).

puppykicker the Grappler (Troll Enchanter)          Turns: 8877, Time: 00:26:56

Health: -2/136     AC:  7    Str: 18    XL:     11   Next: 13%
Magic:  13/13      EV: 10    Int: 15    God:    Kikubaaqudgha [****..]
Gold:   479        SH:  0    Dex: 16    Spells: 3/14 levels left

rFire   . .          .
                       - Unarmed
rCold   . . .        (no shield)
rNeg    . . .        p - +2 robe {Will+}
rPois   .            (helmet restricted)
rElec   .            D - +0 cloak {Will+}
rCorr   .            (gloves unavailable)
SInv    +            (boots unavailable)
Will    ++...        (no amulet) Stlth
                     S - ring of see invisible
HPRegen 1.22/turn    x - +6 ring of dexterity
MPRegen 0.13/turn

%: no passive effects
@: berserking, very quick
A: large, unfitting armour, claws 3, regeneration 1, shaggy fur 1, tough skin 1
a: Renounce Religion, Unearth Wretches


You were on level 11 of the Dungeon.
You worshipped Kikubaaqudgha.
Kikubaaqudgha was greatly pleased with you.
You visited 2 branches of the dungeon, and saw 12 of its levels.

You collected 579 gold pieces.
You spent 100 gold pieces at shops.

Inventory:

Missiles
 w - 3 curare-tipped darts
 y - 27 poisoned darts (quivered)
 z - 4 javelins
 H - 13 throwing nets
Armour
 p - a +2 robe of willpower (worn)
 D - a +0 cloak of willpower (worn)
 E - a +0 kite shield
 I - a +0 troll leather armour {regen}
Jewellery
 x - a +6 ring of dexterity (right claw)
 F - a ring of protection from fire
 S - a ring of see invisible (left claw)
Wands
 m - a wand of paralysis (3)
 s - a wand of mindburst (5)
 v - a wand of light (1)
 A - a wand of iceblast (13)
 J - a wand of flame (15)
Scrolls
 a - 3 scrolls of immolation {!r}
 b - a scroll of butterflies
 d - 4 scrolls of enchant armour
 e - a scroll of enchant weapon
 f - a scroll of fog
 o - 2 scrolls of silence
 t - 3 scrolls of teleportation
 B - a scroll of blinking {!r}
 G - a scroll of amnesia
Potions
 c - 2 potions of invisibility
 g - a potion of haste
 h - 3 potions of mutation {!q}
 j - 3 potions of curing
 k - 2 potions of enlightenment {unknown}
 n - a potion of attraction {!q}
 q - a potion of berserk rage {!q}
 r - 3 potions of might
 u - 4 potions of brilliance
 C - 2 potions of ambrosia


   Skills:
 + Level 1.1 Fighting
 - Level 0.7 Short Blades
 + Level 1.2 Armour
 - Level 1.5 Dodging
 - Level 1.5 Stealth
 * Level 14.3 Unarmed Combat
 + Level 2.2 Spellcasting
 - Level 2.0 Hexes
 + Level 7.0 Necromancy
 + Level 1.0 Evocations


You had 3 spell levels left.
You knew the following spells:

 Your Spells              Type           Power      Damage    Failure   Level
a - Necrotise             Necr           88%        1d8       1%          1
b - Fugue of the Fallen   Necr           22%        N/A       3%          3
g - Apportation           Tloc           2%         N/A       22%         1
r - Cigotuvi's Dreadful   Necr/Alch/Air  16%        N/A       13%         2
u - Dispel Undead         Necr           22%        3d12      12%         4

Your spell library contained the following spells:

 Spells                   Type           Power      Damage    Failure   Level
 Sublimation of Blood     Necr           22%        N/A       1%          2
 Sting                    Conj/Alch      4%         1d3       22%         1
 Summon Small Mammal      Summ           4%         N/A       22%         1
 Ensorcelled Hibernation  Hex/Ice        8%         N/A       22%         2
 Confusing Touch          Hex            7%         N/A       28%         3
 Tukima's Dance           Hex            7%         N/A       28%         3
 Mercury Vapours          Alch/Air       2%         N/A       32%         2
 Dazzling Flash           Conj/Hex       8%         N/A       41%         3
 Anguish                  Hex/Necr       7%         N/A       34%         4
 Curse of Agony           Necr           22%        N/A       34%         5
 Dimensional Bullseye     Hex/Tloc       2%         N/A       82%         4
 Borgnjor's Vile Clutch   Necr/Erth      6%         N/A       82%         5
 Ignite Poison            Fire/Alch      1%         N/A       91%         4
 Iskenderun's Mystic Bla  Conj/Tloc      1%         2d3       91%         4
 Olgreb's Toxic Radiance  Alch           1%         N/A       91%         4
 Freezing Cloud           Conj/Ice/Air   0%         6-21      99%         5


Dungeon Overview and Level Annotations

Branches:
Dungeon (11/15)            Temple (1/1) D:4             Orc (0/2) D:10
   Lair: D:8-11

Altars:
Ashenzari
Cheibriados
Dithmenos
Elyvilon
Fedhas
Gozag
Hepliaklqana
Kikubaaqudgha
Makhleb
Nemelex Xobeh
Okawaru
Qazlal
Ru
Sif Muna
Trog
Uskayaw
Vehumet
Wu Jian
Xom
Yredelemnul
Zin
The Shining One

Shops:
D:3 (   D:4 **


Innate Abilities, Weirdness & Mutations

You are too large for most types of armour.
You have claws for hands.
Your natural rate of healing is unusually fast.
You are covered in fur. (AC +1)
You have tough skin. (AC +1)


Message History

Aim: a manticore (heavily wounded, 83% to hit)
The bolt of light hits the manticore!
The manticore is severely wounded.
The manticore is blinded.
The bolt of light hits the fungus!
The fungus begins to die.
The fungus is lightly damaged.
The bolt of light hits the plant!
The plant begins to die.
The plant is lightly damaged.
You feel sick. The manticore barely misses you. The manticore claws you.
* * * LOW HITPOINT WARNING * * *
The manticore claws you but does no damage.
The scorpion stings you but does no damage.
You take 4 damage, and have 20/91 hp.
You barely miss the manticore.
The manticore is severely wounded.
The manticore bites you!
* * * LOW HITPOINT WARNING * * *
The manticore claws you but does no damage.
The manticore claws you.
* * * LOW HITPOINT WARNING * * *
The scorpion stings you.
* * * LOW HITPOINT WARNING * * *
You are lethally poisoned!
The scorpion poisons you!
You take 17 damage, and have 3/91 hp.
You feel better. The scorpion misses you. The manticore closely misses you.
The manticore claws you.
* * * LOW HITPOINT WARNING * * *
The manticore claws you but does no damage.
You regained 5 hp, and now have 8/91 hp.
Unknown command.
A red film seems to cover your vision as you go berserk!
You feel yourself moving faster!
You feel mighty!
A nearby fungus withers and dies.
The scorpion stings you but does no damage.
The manticore bites you!
* * * LOW HITPOINT WARNING * * *
The manticore barely misses you. The manticore claws you!
You die...
Kikubaaqudgha rasps: "You have failed me!
Welcome... death!"

..P..##...
......#...
P.P...P..#
.........########
P..PP...........
#.PP.........
#......##..#
#P....###..##
#.P...H@....#
PP...P.Ps.....#
..PPP.........#
.PPPP....##..##
PP...(...##..###
...........§§§.#
...#......§§PP.#
..#......§§§§§#
+...§§§§P§§.#


You could see a manticore (blind, unable to see you) and a scorpion.

Levels and vault maps discovered:
D:1:      tarquinn_simple_flora_water_c, layout_rooms
D:2:      layout_basic, interstate_on_off, uniq_natasha
D:3:      layout_basic, serial_shops, nicolae_shop_crystal
D:4:      layout_rooms, minmay_temple_entry_large_hall, gammafunk_ghost_grave,
          nicolae_specific_store, eino_small_chamber_without_monster,
          minmay_misc_feat_encased, uniq_pikel, uniq_blork_the_orc
D:5:      layout_basic, uniq_menkaure, uniq_sigmund
D:6:      layout_cave_pools, dancing_weapons_uskayaw
D:7:      layout_basic, nicolae_tricolors
D:8:      layout_loops_corners
D:9:      layout_big_octagon, general_overflow_altar, serial_gnoll_camp,
          gnoll_camp_medium_01, gnoll_camp_huts_basic, gnoll_camp_mini_hut,
          gnoll_camp_medium_02, chequers_serial_rivers_micro_d, uniq_grum
D:10:     layout_loops_corners, nicolae_ru_awakened_eye,
          fedhas_bush_and_centaur_altar, grunt_dithmenos_smoke_and_mirrors,
          erik_orc_4, uniq_psyche
D:11:     layout_gridville, grunt_lair_entry_orc_guard_hut, serial_undead,
          serial_undead_b, serial_undead_b, serial_undead_a, serial_undead_c,
          serial_undead_a, serial_undead_f, uniq_erica
Temple:   sentei_temple_godly_chess

Notes
Turn   | Place    | Note
-------+----------+-------------------------------------------
     0 | D:1      | puppykicker the Troll Enchanter began the quest for the
                  | Orb.
     0 | D:1      | Reached XP level 1. HP: 16/16 MP: 1/1
    32 | D:1      | Identified a +0 dagger
    44 | D:1      | Reached skill level 1 in Unarmed Combat
    61 | D:1      | Reached XP level 2. HP: 20/24 MP: 2/2
    68 | D:1      | Identified a +0 dagger
    82 | D:1      | Reached skill level 2 in Unarmed Combat
   211 | D:1      | Identified a +0 dagger
   242 | D:1      | Identified a +0 leather armour
   327 | D:1      | Identified a +0 robe
   356 | D:1      | Identified a +0 dagger
   364 | D:1      | Reached XP level 3. HP: 30/31 MP: 3/3
   370 | D:1      | Identified a +1 cloak
   496 | D:2      | Identified a +0 club
   545 | D:2      | Identified a +0 short sword
   560 | D:2      | Identified a +0 club
   603 | D:2      | Identified a +0 spear
   635 | D:2      | Reached skill level 3 in Unarmed Combat
   667 | D:2      | Found the +3 warlock's mirror {omnireflect}
   671 | D:2      | Identified a ring of see invisible
   724 | D:2      | Identified a +0 ring mail
   750 | D:2      | Identified a +0 club
   778 | D:2      | Identified a +0 club
   853 | D:2      | Noticed Natasha
   859 | D:2      | Killed Natasha
   860 | D:2      | Reached XP level 4. HP: 36/39 MP: 4/4
   935 | D:2      | Identified a +0 spear
   940 | D:2      | Noticed Natasha
   955 | D:2      | Identified a +2 spear
   957 | D:2      | Killed Natasha
   958 | D:2      | Reached skill level 4 in Unarmed Combat
  1156 | D:2      | Identified a +0 dagger
  1463 | D:3      | Identified a +0 dagger
  1593 | D:3      | Identified a +0 whip
  1698 | D:3      | Identified a +0 spear
  1756 | D:3      | Identified a +0 leather armour
  2011 | D:3      | Found Jarphosa's Weapon Shoppe.
  2127 | D:3      | Identified a +0 whip of pain
  2173 | D:3      | Identified a +0 sling
  2273 | D:4      | Identified a +0 hand axe
  2273 | D:4      | Identified a +0 club
  2273 | D:4      | Identified a +0 scale mail
  2273 | D:4      | Identified a +0 club
  2312 | D:4      | Identified a +0 war axe
  2331 | D:4      | Noticed a scorpion
  2343 | D:4      | Killed a scorpion
  2344 | D:4      | Reached skill level 5 in Unarmed Combat
  2344 | D:4      | Reached XP level 5. HP: 30/45 MP: 5/5
  2521 | D:4      | Found a runed translucent door.
  2521 | D:4      | Noticed SuperJoe's ghost (weakling HuDe)
  2603 | D:4      | Noticed a black bear
  2612 | D:4      | Killed a black bear
  2613 | D:4      | Reached skill level 6 in Unarmed Combat
  2613 | D:4      | Reached XP level 6. HP: 41/53 MP: 6/6
  2626 | D:4      | Identified a +0 whip
  2648 | D:4      | Found Puiryett's Specific Store.
  2650 | D:4      | Found Sadd's General Store.
  2654 | D:4      | Bought a scroll of identify for 20 gold pieces
  2654 | D:4      | Bought a potion of brilliance for 40 gold pieces
  2654 | D:4      | Bought a potion of might for 40 gold pieces
  2693 | D:4      | Identified a +0 halberd
  2693 | D:4      | Identified a +0 robe
  2693 | D:4      | Noticed Blork the orc
  2705 | D:4      | HP: 12/53 [Blork the orc/+0 halberd (7)]
  2708 | D:4      | Killed Blork the orc
  2869 | D:4      | Identified a +1 whip of electrocution
  2869 | D:4      | Identified a +2 robe of willpower
  2869 | D:4      | Noticed Pikel
  2896 | D:4      | HP: 12/53 [Pikel/+1 whip of electrocution (8)]
  2898 | D:4      | HP: 2/53 [lemure[Pikel] (5)]
  2899 | D:4      | Killed Pikel
  2900 | D:4      | Reached skill level 8 in Unarmed Combat
  2900 | D:4      | Reached XP level 7. HP: 3/59 MP: 7/7
  2977 | D:4      | Identified a +0 dagger
  3003 | D:4      | Identified a ring of protection from fire
  3020 | D:4      | Found a staircase to the Ecumenical Temple.
  3048 | D:4      | Identified a +0 club
  3064 | Temple   | Entered the Ecumenical Temple
  3069 | Temple   | Became a worshipper of Kikubaaqudgha
  3134 | D:4      | Killed SuperJoe's ghost
  3182 | D:5      | Entered Level 5 of the Dungeon
  3332 | D:5      | Reached skill level 1 in Necromancy
  3332 | D:5      | Reached XP level 8. HP: 62/67 MP: 9/9
  3349 | D:5      | Identified a +0 spear
  3350 | D:5      | Identified a +0 spear
  3350 | D:5      | Identified a +0 flail
  3350 | D:5      | Identified a +0 scale mail
  3350 | D:5      | Identified a +0 whip
  3350 | D:5      | Identified a +0 robe
  3352 | D:5      | Identified a +0 whip
  3376 | D:5      | Reached skill level 9 in Unarmed Combat
  3490 | D:5      | Identified a +0 scythe
  3490 | D:5      | Identified a +0 robe
  3490 | D:5      | Noticed Sigmund
  3496 | D:5      | Identified a scroll of teleportation
  3497 | D:5      | Identified a scroll of blinking
  3498 | D:5      | Identified 2 scrolls of immolation
  3499 | D:5      | Identified 2 scrolls of enchant armour
  3500 | D:5      | Identified a scroll of butterflies
  3501 | D:5      | Identified a scroll of enchant weapon
  3502 | D:5      | Identified a scroll of fog
  3503 | D:5      | Identified 2 scrolls of silence
  3504 | D:5      | Identified a potion of degeneration
  3505 | D:5      | Identified a potion of heal wounds
  3506 | D:5      | Identified 3 potions of curing
  3508 | D:5      | Identified a potion of attraction
  3523 | D:5      | Killed Sigmund
  3524 | D:5      | Reached skill level 2 in Spellcasting
  3578 | D:5      | Noticed Menkaure
  3583 | D:5      | Killed Menkaure
  3584 | D:5      | Reached skill level 2 in Necromancy
  3641 | D:5      | Identified a +0 club
  3707 | D:5      | Identified a +0 club
  3709 | D:5      | Identified a +0 dagger
  3709 | D:5      | Identified a +0 robe
  3713 | D:5      | Identified a +0 hand axe
  3713 | D:5      | Identified a +0 ring mail
  3714 | D:5      | Identified a +0 dagger
  3714 | D:5      | Identified a +0 robe
  3732 | D:5      | Identified a +0 mace
  3805 | D:5      | Reached skill level 10 in Unarmed Combat
  3851 | D:5      | Identified a +0 robe
  4041 | D:5      | Identified a +0 dagger
  4172 | D:6      | Reached * piety under Kikubaaqudgha
  4172 | D:6      | Received a gift from Kikubaaqudgha
  4173 | D:6      | Reached skill level 3 in Necromancy
  4192 | D:6      | Found a hide-covered altar of Uskayaw.
  4195 | D:6      | Identified a +0 hand axe
  4195 | D:6      | Noticed a +0 hand axe
  4204 | D:6      | Identified a +0 flail
  4204 | D:6      | Identified a +0 leather armour
  4270 | D:6      | Identified a +0 hand axe
  4270 | D:6      | Noticed a +0 hand axe
  4448 | D:6      | Identified a +1 pair of gloves
  4521 | D:6      | Identified a potion of berserk rage
  4543 | D:7      | Learned a level 1 spell: Necrotise
  4545 | D:7      | Learned a level 1 spell: Apportation
  4549 | D:7      | Learned a level 3 spell: Fugue of the Fallen
  4552 | D:7      | Identified a +0 war axe
  4554 | D:7      | Identified a +0 whip
  4554 | D:7      | Identified a +0 leather armour
  4556 | D:7      | Identified a +0 dagger
  4559 | D:7      | Identified a +0 whip
  4621 | D:7      | Identified a +0 spear
  4674 | D:7      | Reached XP level 9. HP: 72/74 MP: 11/11
  4779 | D:7      | Identified a +2 dagger of venom
  4780 | D:7      | Identified a +1 short sword of flaming
  4780 | D:7      | Identified a +0 whip
  4849 | D:7      | Identified a +0 spear
  4943 | D:7      | Identified a +0 rapier
  5000 | D:7      | Identified a +0 long sword
  5017 | D:7      | Identified a +6 ring of dexterity
  5238 | D:7      | Identified a +0 dagger
  5238 | D:7      | Identified a +1 short sword of speed
  5239 | D:7      | Identified a +0 dagger of freezing
  5248 | D:7      | Identified a +0 short sword
  5252 | D:7      | Identified a +0 short sword
  5254 | D:7      | Identified a +0 whip
  5406 | D:8      | Identified a +0 dagger
  5406 | D:8      | Identified a +0 robe
  5406 | D:8      | Identified a +0 flail
  5406 | D:8      | Identified a +0 ring mail
  5409 | D:8      | Identified a +0 club
  5409 | D:8      | Identified a +0 ring mail
  5454 | D:8      | Identified a +0 halberd
  5454 | D:8      | Identified a +0 spear
  5455 | D:8      | Identified a +0 whip
  5458 | D:8      | Reached skill level 11 in Unarmed Combat
  5461 | D:8      | Reached ** piety under Kikubaaqudgha
  5495 | D:8      | Identified a +0 dagger
  5495 | D:8      | Identified a +0 robe
  5495 | D:8      | Identified a +0 dagger
  5495 | D:8      | Identified a +0 ring mail
  5495 | D:8      | Identified a +0 falchion
  5495 | D:8      | Identified a +0 ring mail
  5498 | D:8      | Identified a +0 flail
  5498 | D:8      | Identified a +0 scale mail
  5544 | D:8      | Reached skill level 4 in Necromancy
  5580 | D:8      | Identified a +0 club
  5580 | D:8      | Identified a +0 scale mail
  5582 | D:8      | Identified a +0 club
  5583 | D:8      | Identified a +0 short sword
  5815 | D:8      | Identified a +0 whip
  5863 | D:8      | Identified the +8 chain mail "Mosorr" {Dex+2}
  6183 | D:8      | Identified a +0 cloak of willpower
  6270 | D:8      | Identified a +0 battleaxe
  6270 | D:8      | Identified a +0 robe
  6270 | D:8      | Identified a +0 morningstar
  6270 | D:8      | Identified a +0 robe
  6270 | D:8      | Identified a +5 mace
  6270 | D:8      | Identified a +0 robe
  6271 | D:8      | Identified a +0 long sword
  6271 | D:8      | Identified a +0 robe
  6310 | D:8      | Identified a +0 morningstar
  6310 | D:8      | Identified a +0 robe
  6389 | D:9      | Identified a +0 spear
  6389 | D:9      | Identified a +0 ring mail
  6389 | D:9      | Identified a +0 kite shield
  6414 | D:9      | Identified a +0 spear of freezing
  6414 | D:9      | Identified a +0 animal skin
  6414 | D:9      | Noticed Grum
  6427 | D:9      | Killed Grum
  6428 | D:9      | Reached skill level 12 in Unarmed Combat
  6450 | D:9      | Found a white marble altar of Elyvilon.
  6477 | D:9      | Identified a +0 dire flail
  6477 | D:9      | Identified a +0 dire flail
  6477 | D:9      | Noticed a two-headed ogre
  6484 | D:9      | Identified a +0 orcbow
  6486 | D:9      | Killed a two-headed ogre
  6487 | D:9      | Reached skill level 5 in Necromancy
  6487 | D:9      | Reached XP level 10. HP: 73/81 MP: 12/12
  6496 | D:9      | Identified a +0 club
  6504 | D:9      | Identified a +0 halberd
  6508 | D:9      | Identified a +0 spear
  6515 | D:9      | Identified a +0 whip
  6536 | D:9      | Identified a +0 flail
  6550 | D:9      | Identified a +0 flail
  6554 | D:9      | Identified a +0 whip
  6566 | D:9      | Identified a +4 spear of freezing
  6566 | D:9      | Identified a +0 scale mail
  6582 | D:9      | HP: 19/81 [gnoll sergeant/+4 spear of freezing (6)]
  6630 | D:9      | Identified a +0 club
  6630 | D:9      | Identified a +0 robe
  6650 | D:9      | Identified a +0 spear
  6650 | D:9      | Identified a +2 scale mail of poison resistance
  6665 | D:9      | Reached *** piety under Kikubaaqudgha
  6665 | D:9      | Received a gift from Kikubaaqudgha
  6809 | D:9      | HP: 20/81 [killer bee (8)]
  6813 | D:9      | Reached skill level 13 in Unarmed Combat
  6814 | D:9      | HP: 16/81 [poisoned by a killer bee]
  6915 | D:9      | Identified a +0 club
  6916 | D:9      | Identified a +0 short sword
  6917 | D:9      | Identified a +0 short sword
  6919 | D:9      | Identified a +0 short sword
  6923 | D:9      | Identified a +0 hand axe
  6923 | D:9      | Identified a +0 arbalest
  6923 | D:9      | Identified a +0 chain mail
  6927 | D:9      | Identified a +0 whip
  6927 | D:9      | Identified a +0 leather armour
  6930 | D:9      | Identified a +0 spear
  6930 | D:9      | Identified a +0 ring mail
  6932 | D:9      | Identified a +0 dagger
  6932 | D:9      | Identified a +0 robe
  6936 | D:9      | Reached skill level 6 in Necromancy
  6936 | D:9      | Identified a +0 halberd
  6937 | D:9      | Identified a +1 halberd of venom
  6939 | D:9      | Identified a +0 dagger
  6964 | D:9      | Identified a +0 halberd
  7193 | D:9      | Identified a +0 trident
  7266 | D:9      | Identified a +0 club
  7266 | D:9      | Identified a +0 leather armour
  7267 | D:9      | Identified a +0 whip of flaming
  7267 | D:9      | Identified a +0 spear
  7267 | D:9      | Identified a +0 scale mail
  7267 | D:9      | Identified a +0 halberd
  7333 | D:9      | Identified a +0 flail
  7421 | D:10     | Entered Level 10 of the Dungeon
  7425 | D:10     | Learned a level 2 spell: Cigotuvi's Dreadful Rot
  7430 | D:10     | Learned a level 4 spell: Dispel Undead
  7463 | D:10     | Identified a +0 dagger
  7463 | D:10     | Identified a +0 robe
  7469 | D:10     | Identified a +0 trident
  7498 | D:10     | Identified a +0 dagger
  7498 | D:10     | Identified a +0 robe
  7500 | D:10     | Identified a +0 dagger
  7500 | D:10     | Identified a +0 robe
  7500 | D:10     | Identified a +0 dagger
  7500 | D:10     | Identified a +0 robe
  7502 | D:10     | Identified a +0 hand axe
  7502 | D:10     | Identified a +0 hand axe
  7502 | D:10     | Identified a +0 leather armour
  7502 | D:10     | Identified a +0 hand axe
  7509 | D:10     | Identified a +0 hand axe
  7520 | D:10     | Identified a +0 war axe
  7520 | D:10     | Identified a +0 chain mail
  7525 | D:10     | Identified a +0 short sword
  7525 | D:10     | Identified a +0 leather armour
  7526 | D:10     | Identified a +0 hand axe
  7636 | D:10     | Identified a +0 hand axe
  7636 | D:10     | Identified a +0 flail
  7636 | D:10     | Identified a +0 leather armour
  7649 | D:10     | Identified a +0 halberd
  7666 | D:10     | Identified a +0 hand axe
  7667 | D:10     | Identified a +0 short sword
  7667 | D:10     | Identified a +0 leather armour
  7685 | D:10     | Reached **** piety under Kikubaaqudgha
  7700 | D:10     | Found a staircase to the Orcish Mines.
  7704 | D:10     | Identified a +0 flail
  7704 | D:10     | Noticed a gargoyle
  7704 | D:10     | Identified a +1 short sword of protection
  7706 | D:10     | Identified a +0 dagger
  7706 | D:10     | Identified a +0 robe
  7706 | D:10     | Identified a +0 war axe
  7706 | D:10     | Identified a +1 leather armour of willpower
  7728 | D:10     | Killed a gargoyle
  7732 | D:10     | Reached skill level 14 in Unarmed Combat
  7742 | D:10     | Identified a +0 falchion
  7769 | D:10     | Identified a scroll of amnesia
  7770 | D:10     | Identified a potion of haste
  7859 | D:10     | Identified a +0 dagger
  7859 | D:10     | Identified a +0 leather armour
  7863 | D:10     | Identified a +0 dagger
  7863 | D:10     | Identified a +0 robe
  7868 | D:10     | Identified a +0 club
  7868 | D:10     | Identified a +0 ring mail
  7869 | D:10     | Identified a +0 hand axe
  7892 | D:10     | Identified a +0 mace
  7970 | D:10     | Identified a +2 dagger of chaos
  7970 | D:10     | Identified a +0 robe
  7970 | D:10     | Noticed Psyche
  8073 | D:10     | Identified a +0 trident
  8081 | D:10     | Killed Psyche
  8198 | D:10     | Identified a +0 flail
  8198 | D:10     | Identified a +0 scale mail
  8224 | D:10     | Found a shadowy altar of Dithmenos.
  8240 | D:10     | Identified a +0 spear
  8244 | D:10     | Identified a +0 troll leather armour
  8250 | D:10     | Identified a +0 flail
  8333 | D:10     | Identified a +0 club
  8333 | D:10     | Identified a +0 trident
  8333 | D:10     | Identified a +0 ring mail
  8333 | D:10     | Identified a +2 buckler
  8338 | D:10     | Identified a +0 spear
  8344 | D:10     | Reached XP level 11. HP: 87/89 MP: 3/13
  8372 | D:10     | Identified 3 potions of mutation
  8385 | D:10     | Identified a +0 mace
  8423 | D:10     | Identified 2 potions of ambrosia
  8438 | D:10     | Found a blossoming altar of Fedhas.
  8439 | D:10     | Identified a +0 shortbow
  8673 | D:10     | Found a sacrificial altar of Ru.
  8843 | D:11     | Reached skill level 1 in Armour
  8859 | D:11     | Reached skill level 1 in Fighting
  8869 | D:11     | Reached skill level 7 in Necromancy
  8869 | D:11     | Reached skill level 1 in Evocations
  8870 | D:11     | HP: 15/91 [manticore (8)]
  8872 | D:11     | HP: 6/91 [manticore (3)]
  8877 | D:11     | HP: 5/136 [manticore (8)]
  8877 | D:11     | Slain by a manticore

Table legend: (Time is in decaauts)
 A = Elapsed time spent in this place.
 B = Non-inter-level travel time spent in this place.
 C = Inter-level travel time spent in this place.
 D = Time resting spent in this place.
 E = Time spent auto-exploring this place.
 F = Levels seen in this place.
 G = Mean time per level.
                   A        B        C        D        E       F      G
               +--------+--------+--------+--------+--------+-----+--------+
         Total |   8750 |   8147 |    603 |    801 |   5549 |  12 |  729.2 |
       Dungeon |   8740 |   8142 |    598 |    801 |   5549 |  11 |  794.5 |
        Temple |     10 |      5 |      5 |      0 |      0 |   1 |   10.0 |
               +--------+--------+--------+--------+--------+-----+--------+

Top non-repeatable levels by time:
    D:10: 1287 daAuts
     D:9: 1115 daAuts
     D:3: 1016 daAuts
     D:5: 948 daAuts
     D:8: 936 daAuts
     D:4: 886 daAuts
     D:7: 854 daAuts
     D:2: 781 daAuts
     D:1: 479 daAuts
     D:6: 394 daAuts
    D:11: 40 daAuts
  Temple: 10 daAuts

Table legend:
 A = Kills in this place as a percentage of kills in the entire game.
 B = Kills by you in this place as a percentage of kills by you in the entire game.
 C = Kills by friends in this place as a percentage of kills by friends in the entire game.
 D = Other kills in this place as a percentage of other kills in the entire game.
 E = Experience gained in this place as a percentage of experience gained in the entire game.
 F = Experience gained in this place divided by the number of levels of this place that you have seen.
                   A       B       C       D       E      F
               +-------+-------+-------+-------+-------+----------------------
         Total | 100.0 | 100.0 |   N/A |   N/A | 100.0 | 1040.8
       Dungeon | 100.0 | 100.0 |   N/A |   N/A | 100.0 | 1135.5
               +-------+-------+-------+-------+-------+----------------------

Skill      XL: |  1  2  3  4  5  6  7  8  9 10 11 |
---------------+----------------------------------+-----
Unarmed Combat | 1 2 3 5 6 8 10 12 14 | 14.3
Necromancy     | 1 3 5 6 7 |  7.0
Spellcasting   | 2 |  2.2
Armour         | 1 |  1.2
Fighting       | 1 |  1.1
Evocations     | 1 |  1.0
Short Blades   | |  0.7
Dodging        | |  1.5
Stealth        | |  1.5
Hexes          | |  2.0

Action                     |  1- 3 |  4- 6 |  7- 9 | 10-12 || total
---------------------------+-------+-------+-------+-------++-------
  Melee: Unarmed           |    80 |   110 |   244 |   294 ||   728
         Punch             |     1 |     1 |    16 |    19 ||    37
  Throw: Throwing net      |       |     1 |       |       ||     1
         Dart              |       |       |     4 |     7 ||    11
         Javelin           |       |       |       |     2 ||     2
   Cast: Necrotise         |       |       |     1 |    10 ||    11
  Evoke: Wand              |       |     1 |     2 |     5 ||     8
    Use: Potion            |       |     1 |       |     5 ||     6
         Scroll            |       |       |    13 |     4 ||    17
   Stab: Sleeping          |     2 |     3 |     1 |       ||     6
         Paralysed         |       |     2 |     2 |       ||     4
         Distracted        |       |       |     1 |     1 ||     2
 Armour: Robe              |    48 |    77 |   140 |   242 ||   507
  Dodge: Dodged            |    36 |    40 |    72 |   176 ||   324

Vanquished Creatures
  A two-headed ogre (D:9)
  Pikel (D:4)
  A centaur zombie (D:11)
  A gargoyle (D:10)
  A kobold demonologist (D:10)
  A komodo dragon (D:11)
  A troll (D:10)
  Psyche (D:10)
  A hornet (D:10)
  Sigmund (D:5)
  2 shadows
  A yak (D:11)
  A vampire (D:11)
  Grum (D:9)
  A steam dragon (D:8)
  A warg (D:9)
  Menkaure (D:5)
  2 water moccasins
  2 orc warriors
  2 black bears
  2 wolves (D:9)
  2 centaurs
  A phantom (D:5)
  Blork the orc (D:4)
  3 kobold brigands
  4 bullfrogs
  4 scorpions
  6 gnoll sergeants
  5 wights (D:8)
  10 killer bees (D:9)
  8 howler monkeys
  A bombardier beetle (D:6)
  5 orc priests
  4 gnoll boudas
  11 hounds
  4 jellies
  Natasha (twice) (D:2)
  2 iguanas
  10 orc wizards
  31 gnolls
  2 shadow imps
  4 adders
  2 white imps
  The ghost of SuperJoe the Sneak, a weakling HuDe (D:4)
  4 dart slugs
  34 orcs
  5 bats
  5 endoplasms
  3 giant cockroaches
  6 goblins
  8 hobgoblins
  4 jackals (D:9)
  3 quokkas
  6 ball pythons
  3 frilled lizards
  17 kobolds
  4 rats (D:1)
251 creatures vanquished.
